Map: Nightscape LE

Players

massblood - Winner!

  • Race: Protoss Protoss
  • League: Platinum
  • Spawn Location: 1:00

LFRSergey - Winner!

  • Race: Zerg Zerg
  • League: Diamond
  • Spawn Location: 1:00

Massa

  • Race: Terran Terran
  • League: Gold
  • Spawn Location: 7:00

qqq

  • Race: Protoss Protoss
  • League: Platinum
  • Spawn Location: 7:00

VOD

Have the link to the VOD?

Description

Time

  • Played on: Aug. 26, 2020, 11:23 a.m.
  • Length: 11:40
Show
View Real Time Build Order
Export as new Build Order

massblood Protoss - Winner!

Build Orders:  

Get SALT Encoding   

  12  0:01  Probe (Chrono Boost)  
  13  0:10  Probe (Chrono Boost)  
  14  0:19  Pylon  
  14  0:24  Probe  
  15  0:37  Gateway  
  15  0:39  Probe  
  16  0:51  Probe  
  16  0:57  Forge  
  17  1:08  Probe (Chrono Boost)  
  17  1:10  Assimilator  
  18  1:13  Pylon  
  18  1:28  Probe  
  18  1:32  Assimilator  
  19  1:33  Gateway  
  19  1:35  Cybernetics Core  
  19  1:40  Probe  
  20  1:55  Photon Cannon  
  20  2:00  Pylon  
  20  2:06  Zealot  
  22  2:24  Warp Gate (Chrono Boost)  
  22  2:25  Probe  
  23  2:37  Probe  
  23  2:38  Photon Cannon  
  23  2:42  Photon Cannon  
  24  2:44  Pylon  
  25  2:55  Stalker  
  26  3:08  Robotics Facility  
  26  3:36  Gateway  
  26  3:37  Pylon  
  26  3:42  Twilight Council  
  26  4:08  Immortal (Chrono Boost)  
  26  4:14  Stalker  
  32  4:41  Stalker x2  
  36  5:09  Stalker x2  
  40  5:15  Dark Shrine  
  40  5:25  Charge (Chrono Boost)  
  40  5:26  Warp Prism  
  42  5:33  Nexus  
  42  5:35  Gateway  
  42  5:36  Gateway, Pylon  
  42  5:37  Pylon  
  42  5:38  Pylon  
  42  5:41  Shield Battery  
  42  5:43  Pylon  
  42  5:56  Protoss Ground Weapons Level 1 (Chrono Boost), Photon Cannon, Gateway  
  42  5:59  Pylon  
  42  6:01  Stalker x2  
  46  6:30  Dark Templar x2  
  46  6:31  Dark Templar  
  52  6:34  Stalker  
  54  7:04  Stalker x5  
  54  7:05  Probe (Chrono Boost)  
  65  7:15  Probe (Chrono Boost)  
  66  7:19  Probe (Chrono Boost)  
  67  7:31  Probe  
  67  7:33  Stalker x2  
  67  7:34  Zealot, Stalker x2  
  78  7:43  Probe  
  78  7:44  Immortal  
  81  7:55  Probe  
  82  7:59  Zealot x3  
  82  8:00  Dark Templar x2  
  88  8:07  Probe  
  77  8:19  Probe  
  76  8:20  Stalker x3  
  82  8:29  Warp Prism (Chrono Boost)  
  82  8:33  Protoss Ground Weapons Level 2 (Chrono Boost)  
  84  8:39  Probe (Chrono Boost)  
  85  8:46  Photon Cannon  
  85  8:47  Photon Cannon  
  86  8:48  Probe (Chrono Boost)  
  86  8:49  Shield Battery  
  86  8:51  Shield Battery  
  86  8:53  Probe (Chrono Boost)  
  61  9:37  Zealot x3, Blink (Chrono Boost)  
  61  9:38  Zealot, Stalker  
  57  10:00  Stalker x3  
  57  10:01  Zealot  
  57  10:02  Dark Templar  
  67  10:25  Stalker x3  
  67  10:26  Stalker  
  73  10:43  Stalker  
  75  10:57  Gateway  
  75  11:01  Gateway  
  75  11:03  Gateway, Zealot x3  
  75  11:04  Zealot  
  83  11:05  Gateway, Pylon  
  83  11:06  Stalker  
  71  11:31  Stalker x2  
  71  11:32  Stalker x3  
Show
View Real Time Build Order
Export as new Build Order

LFRSergey Zerg - Winner!

Build Orders: Hatch First 

Get SALT Encoding   

  12  0:01  Drone  
  13  0:07  Drone  
  14  0:16  Overlord  
  14  0:34  Drone  
  14  0:35  Drone x2  
  17  0:54  Hatchery  
  16  0:57  Drone  
  16  0:58  Extractor  
  16  1:02  Drone  
  17  1:19  Drone x2  
  19  1:36  Spawning Pool  
  18  2:02  Drone x3  
  21  2:29  Spine Crawler  
  20  2:32  Spine Crawler  
  19  2:40  Spine Crawler  
  19  2:44  Drone x2  
  18  3:15  Drone x3  
  15  3:56  Spine Crawler  
  13  4:25  Drone x3  
  16  4:34  Spore Crawler  
  16  4:36  Drone, Spine Crawler  
  15  4:39  Extractor  
  14  6:55  Drone  
  14  6:56  Drone x2  
Show
View Real Time Build Order
Export as new Build Order

Massa Terran 

Build Orders: 2 Factory 

Get SALT Encoding   

  12  0:02  SCV  
  13  0:14  SCV  
  14  0:27  Supply Depot  
  14  0:28  Refinery, SCV  
  15  0:48  SCV  
  16  0:50  Barracks  
  16  1:00  SCV  
  17  1:13  SCV  
  18  1:25  SCV  
  19  1:27  Refinery  
  19  1:38  Reaper, Supply Depot  
  20  1:43  Orbital Command  
  20  2:03  Factory  
  20  2:05  Supply Depot  
  20  2:10  Marine  
  20  2:12  SCV  
  22  2:24  SCV  
  22  2:27  Barracks  
  23  2:45  SCV  
  23  2:49  Barracks Tech Lab  
  24  2:57  SCV  
  25  3:13  Marauder  
  27  3:22  Factory Tech Lab  
  27  3:29  Factory  
  27  3:33  Command Center  
  27  3:34  Marauder  
  29  3:57  SCV  
  30  4:09  SCV  
  30  4:12  Siege Tank  
  30  4:14  Factory Reactor  
  33  4:21  SCV  
  33  4:22  Starport  
  34  4:33  SCV  
  34  4:34  Engineering Bay  
  35  4:40  Supply Depot  
  35  4:43  Engineering Bay  
  35  4:44  Siege Tank  
  35  4:45  SCV  
  39  4:48  Infernal Pre-Igniter  
  39  4:57  Hellion  
  39  4:58  Hellion  
  43  5:01  Barracks Reactor  
  43  5:04  Supply Depot  
  43  5:05  Marauder  
  45  5:13  Terran Infantry Weapons Level 1  
  45  5:15  SCV x2  
  45  5:19  Hellion  
  45  5:21  Medivac  
  51  5:26  Marauder  
  47  5:28  Orbital Command, Supply Depot  
  53  5:33  Hellion  
  55  5:36  Hellion  
  55  5:40  Hellion  
  59  5:44  Marine  
  60  5:51  Medivac  
  60  5:54  Marine  
  60  5:55  Hellion  
  65  5:59  SCV x2  
  65  6:02  Marine  
  68  6:08  Missile Turret  
  68  6:11  Marine, Missile Turret  
  69  6:26  SCV x2  
  69  6:29  Factory Tech Lab  
  69  6:32  Siege Tank  
  74  6:38  SCV x2  
  76  6:48  Missile Turret  
  76  6:50  SCV  
  76  6:51  Terran Infantry Armor Level 1  
  77  6:56  Armory  
  77  7:05  Command Center  
  77  7:09  Missile Turret  
  75  7:28  Marauder  
  75  7:29  Marine  
  78  7:40  Supply Depot x2  
  78  7:41  Supply Depot x2  
  78  7:45  Armory, Supply Depot  
  78  7:49  Marine x2  
  78  7:50  Marauder  
  78  7:53  Stimpack  
  78  8:01  Siege Tank x2  
  79  8:06  Marine x2, Supply Depot  
  79  8:08  Supply Depot  
  79  8:10  Supply Depot  
  79  8:11  Marauder  
  54  8:24  Marine x2  
  56  8:33  Marauder, Siege Tank x2  
  64  8:42  Marine  
  65  8:53  Barracks x2  
  65  8:54  Marauder  
  65  8:55  Barracks  
  67  8:58  Barracks  
  67  8:59  Barracks, Missile Turret  
  45  9:05  Siege Tank  
  45  9:15  Marine x2  
  45  9:16  Marauder  
  46  9:32  Marine  
  46  9:33  Marine, Combat Shield  
  46  9:37  Marauder  
  46  9:38  Barracks  
  48  9:39  Refinery  
  48  9:40  Refinery  
  48  9:43  Siege Tank  
  48  9:45  Siege Tank  
  54  9:46  Medivac x2  
  54  9:50  Marine  
  54  9:51  Marine  
  54  9:58  Marauder  
  50  10:08  Marine x2  
  49  10:16  Medivac, Siege Tank  
  49  10:17  Siege Tank  
  49  10:20  Marauder  
  55  10:33  SCV x2  
  56  10:41  Marauder  
  57  10:45  SCV  
  57  10:46  SCV  
  57  10:48  Siege Tank  
  62  10:50  Barracks Reactor  
  62  10:52  Concussive Shells  
  62  10:57  Barracks  
  62  10:58  SCV x2  
  62  11:00  Barracks, Medivac x2  
  62  11:02  Marauder  
  70  11:10  SCV  
Show
View Real Time Build Order
Export as new Build Order

qqq Protoss 

Build Orders:  

Get SALT Encoding   

  12  0:02  Probe  
  13  0:19  Probe  
  14  0:26  Pylon  
  14  0:33  Probe  
  15  0:45  Probe, Forge  
  15  0:48  Pylon  
  16  0:57  Probe  
  17  1:09  Probe  
  18  1:22  Probe  
  18  1:24  Pylon  
  19  1:34  Probe  
  20  1:45  Pylon  
  20  1:46  Probe  
  21  1:57  Photon Cannon  
  21  2:00  Pylon  
  21  2:02  Pylon  
  21  2:08  Photon Cannon  
  21  2:21  Photon Cannon  
  21  2:22  Pylon  
  21  2:24  Photon Cannon  
  20  3:00  Nexus  
  20  3:04  Gateway  
  20  3:23  Probe  
  20  3:25  Nexus  
  21  3:35  Pylon  
  21  3:36  Probe  
  22  3:48  Probe  
  23  3:54  Assimilator  
  23  3:58  Assimilator  
  23  4:00  Pylon  
  23  4:02  Probe  
  24  4:07  Photon Cannon  
  24  4:14  Probe  
  25  4:26  Probe  
  25  4:27  Probe  
  27  4:38  Probe, Cybernetics Core  
  27  4:39  Probe  
  27  4:40  Assimilator  
  27  4:44  Probe  
  27  4:45  Assimilator  
  30  4:51  Probe  
  31  4:56  Probe  
  32  5:03  Probe  
  33  5:08  Probe  
  34  5:15  Probe  
  34  5:18  Stargate  
  34  5:20  Probe  
  36  5:21  Stargate  
  36  5:27  Probe  
  37  5:32  Probe  
  38  5:39  Probe, Photon Cannon  
  39  5:44  Probe  
  39  5:46  Photon Cannon  
  39  5:48  Pylon  
  40  5:51  Probe  
  40  5:56  Probe  
  42  6:02  Phoenix (Chrono Boost)  
  42  6:04  Probe  
  45  6:07  Phoenix (Chrono Boost)  
  45  6:09  Probe, Protoss Air Weapons Level 1  
  48  6:16  Probe  
  49  6:20  Phoenix (Chrono Boost)  
  49  6:21  Probe  
  49  6:23  Phoenix (Chrono Boost)  
  54  6:28  Probe  
  55  6:33  Probe  
  55  6:36  Assimilator  
  56  6:40  Probe, Assimilator  
  56  6:42  Phoenix  
  56  6:45  Probe  
  60  6:47  Phoenix  
  60  6:52  Probe  
  63  6:57  Probe  
  64  7:04  Probe  
  64  7:07  Phoenix  
  67  7:09  Probe  
  67  7:12  Phoenix  
  70  7:16  Probe  
  70  7:21  Probe  
  72  7:28  Probe  
  73  7:33  Probe  
Tags
 
Add a new tag
Caveats
  • Supply blocks, unpowered buildings, or Contaminate may cause inaccurate times.
  • Supply counts are checked every 10 seconds.